Map: Catalyst LE

Players

foxer

  • Race: Terran Terran
  • Spawn Location: 11:00

Rex - Winner!

  • Race: Zerg Zerg
  • Spawn Location: 5:00

Event: WCS Austin 2018

VOD

Have the link to the VOD?

Description

Time

  • Played on: June 1, 2018, 1:19 p.m.
  • Length: 13:55

All games in this series

Show
View Real Time Build Order
Export as new Build Order

foxer Terran 

Build Orders: Reaper Expand, Bio Tank 

Get SALT Encoding   

  12  0:02  SCV  
  14  0:14  SCV  
  14  0:18  Supply Depot  
  14  0:26  SCV  
  15  0:40  SCV  
  16  0:43  Barracks  
  16  0:47  Refinery  
  16  0:52  SCV  
  17  1:04  SCV  
  18  1:16  SCV  
  19  1:31  Orbital Command  
  19  1:32  Reaper  
  20  1:45  Command Center  
  20  1:53  Barracks  
  20  1:57  SCV  
  21  2:04  Supply Depot  
  21  2:09  SCV  
  21  2:11  Barracks Reactor  
  22  2:17  Refinery  
  22  2:22  SCV  
  23  2:30  Factory  
  23  2:43  SCV, Barracks Tech Lab  
  24  2:49  Marine x2  
  26  2:55  SCV  
  27  2:59  Orbital Command  
  27  3:06  Marine  
  27  3:07  Marine  
  27  3:08  Stimpack  
  27  3:10  SCV  
  27  3:12  Marine  
  31  3:22  SCV  
  31  3:24  Starport  
  32  3:27  Marine  
  32  3:30  Factory Reactor  
  32  3:32  SCV  
  33  3:35  Marine  
  33  3:36  Marine  
  35  3:45  Marine  
  35  3:46  SCV  
  37  3:48  SCV  
  37  3:53  Marine  
  37  3:54  Marine  
  39  3:55  Supply Depot  
  39  3:58  SCV  
  39  4:00  SCV  
  41  4:03  Marine  
  42  4:10  Medivac  
  42  4:11  SCV  
  46  4:17  SCV  
  46  4:18  Supply Depot  
  46  4:19  Medivac  
  46  4:23  Marine x2, SCV  
  51  4:25  Marine  
  52  4:33  SCV  
  52  4:35  SCV  
  54  4:41  Engineering Bay, Marine x2  
  54  4:43  Marine  
  54  4:44  Engineering Bay  
  57  4:46  SCV  
  58  4:54  SCV  
  58  4:57  Widow Mine  
  58  4:59  Marine  
  62  5:01  Supply Depot  
  62  5:04  Marine  
  62  5:08  Supply Depot, Combat Shields  
  62  5:14  Terran Infantry Weapons Level 1  
  62  5:21  Terran Infantry Armor Level 1  
  62  5:22  Medivac, Marine x3, SCV x2  
  69  5:30  Widow Mine  
  69  5:34  SCV x2  
  73  5:40  Marine x3  
  76  5:45  Command Center  
  76  5:46  SCV  
  77  5:50  Supply Depot  
  77  5:53  Supply Depot  
  77  5:57  Marine  
  78  6:07  Factory Reactor  
  78  6:12  Supply Depot, Medivac, Marine x2, SCV x2  
  78  6:15  Marine  
  78  6:17  Barracks  
  85  6:18  Barracks  
  85  6:22  Barracks  
  85  6:24  SCV  
  86  6:27  SCV  
  86  6:29  Marine x2  
  89  6:33  Armory, Marine  
  89  6:34  Refinery, Supply Depot  
  90  6:42  SCV x2  
  90  6:45  Medivac  
  90  6:47  Medivac, Marine x2  
  94  6:51  Marine  
  97  6:54  Supply Depot, SCV  
  93  7:03  Orbital Command, SCV  
  93  7:05  Marine x2  
  93  7:07  Barracks Reactor  
  94  7:10  Barracks Reactor  
  94  7:12  SCV  
  94  7:15  SCV  
  96  7:16  Factory Tech Lab  
  96  7:17  Marine  
  96  7:21  Refinery  
  97  7:23  Marine  
  97  7:25  Marine x2, SCV  
  97  7:26  Marine  
  97  7:27  SCV  
  97  7:29  SCV  
  104  7:35  Marine, Siege Tank  
  108  7:41  Marine, SCV  
  108  7:43  Marine x2  
  108  7:44  Orbital Command, Terran Infantry Weapons Level 2  
  112  7:46  Marine  
  112  7:47  SCV  
  114  7:51  Marine  
  114  7:52  Marine  
  114  7:53  SCV  
  114  7:56  Marine  
  114  7:58  Marine x2  
  118  7:59  SCV  
  118  8:04  Marine  
  122  8:07  Siege Tank  
  122  8:09  SCV  
  122  8:15  Marine x4  
  122  8:16  Marine x2  
  122  8:17  SCV x2  
  115  8:20  Marine  
  115  8:21  Marine  
  115  8:25  SCV  
  115  8:26  Marine, Factory  
  117  8:35  Marine x3  
  117  8:37  SCV  
  117  8:38  SCV  
  117  8:39  Refinery, Siege Tank  
  117  8:40  Refinery, Supply Depot  
  125  8:41  Supply Depot  
  125  8:42  Terran Infantry Armor Level 2  
  125  8:43  SCV  
  126  8:49  SCV  
  126  8:50  Marine x3  
  126  8:51  Marine  
  126  8:52  SCV  
  126  8:53  Marine  
  126  8:55  SCV  
  126  9:01  Supply Depot, SCV  
  126  9:03  Marine  
  126  9:04  SCV  
  126  9:05  Marine x3  
  126  9:07  SCV  
  126  9:08  Medivac  
  126  9:09  Medivac  
  127  9:11  Supply Depot, Siege Tank  
  127  9:13  Factory Tech Lab, SCV  
  127  9:16  Marine x5  
  135  9:20  Marine  
  137  9:25  SCV  
  137  9:28  Marine  
  137  9:31  Command Center  
  137  9:33  SCV  
  137  9:34  Marine  
  137  9:35  Marine  
  137  9:36  Terran Vehicle Weapons Level 1  
  140  9:38  Medivac  
  140  9:39  Medivac  
  140  9:40  Supply Depot x2  
  140  9:43  Marine  
  140  9:44  Marine x3  
  148  9:49  Barracks  
  148  9:50  Marine  
  148  9:51  Barracks  
  148  9:52  Marine  
  150  9:54  Marine  
  150  9:56  Marine x2  
  153  10:01  Marine  
  153  10:03  Marine x2  
  153  10:06  Marine, SCV  
  153  10:07  SCV  
  142  10:08  Marine, Siege Tank x2  
  142  10:10  Marine  
  142  10:12  Marine  
  151  10:14  Marine x2  
  151  10:18  Marine  
  151  10:20  Barracks  
  151  10:21  Terran Infantry Weapons Level 3, Marine x2  
  154  10:23  Marine  
  154  10:26  Marine  
  154  10:28  Marine  
  159  10:30  Marine  
  159  10:32  Marine x2  
  162  10:36  Marine  
  162  10:39  Marine x2  
  162  10:40  Barracks Reactor x2, Siege Tank  
  162  10:41  Barracks Tech Lab  
  162  10:42  Barracks Tech Lab  
  168  10:51  Marauder, Siege Tank  
  172  11:01  Marauder  
  173  11:07  Sensor Tower  
  173  11:11  Marine  
  173  11:12  Marine, Siege Tank  
  168  11:21  Marine x2  
  168  11:22  Barracks Tech Lab  
  168  11:23  Marauder x3, Siege Tank  
  168  11:24  Concussive Shells  
  174  11:27  Supply Depot  
  174  11:29  Supply Depot  
  174  11:38  Marine  
  175  11:41  Marine x3  
  175  11:44  Marauder x3  
  175  11:45  Planetary Fortress  
  184  11:47  Marine  
  184  11:49  Marine  
  184  11:50  Marine x2  
  184  11:51  Marauder  
  184  11:52  Supply Depot  
  182  11:55  Supply Depot  
  182  11:57  Supply Depot  
  182  11:59  Marine x2  
  184  12:03  Marine  
  184  12:05  Marauder  
  184  12:06  Marauder x2  
  191  12:09  Ghost Academy  
  191  12:10  Refinery  
  191  12:13  Marauder  
  193  12:27  Marauder x3  
  175  12:34  Marauder, Command Center  
  172  12:44  Siege Tank  
  172  12:48  Marauder x3  
  178  12:55  Marine x2  
  178  12:56  Marauder  
  173  13:10  Marauder x3  
  117  13:15  Marine x3  
  117  13:16  Marine x2  
  117  13:17  Marauder  
  117  13:18  Marine x2  
  117  13:24  Marine  
  94  13:31  Marauder x3  
  94  13:33  Marine x3  
  94  13:34  Marine x2  
  94  13:36  Marine x2  
Show
View Real Time Build Order
Export as new Build Order

Rex Zerg - Winner!

Build Orders: Hatch First 

Get SALT Encoding   

  12  0:00  Drone  
  13  0:14  Overlord  
  13  0:17  Drone  
  14  0:32  Drone  
  14  0:33  Drone  
  16  0:37  Drone  
  17  0:53  Hatchery  
  17  0:56  Drone  
  17  0:58  Drone  
  18  1:08  Extractor  
  17  1:15  Spawning Pool  
  17  1:18  Drone  
  17  1:21  Drone  
  18  1:30  Drone  
  19  1:41  Overlord  
  19  1:53  Drone  
  20  2:01  Queen  
  20  2:04  Queen  
  20  2:05  Zergling x2  
  20  2:06  Zergling x2  
  26  2:11  Metabolic Boost  
  26  2:14  Drone  
  27  2:18  Drone  
  28  2:25  Drone  
  28  2:27  Drone  
  30  2:41  Queen x2  
  34  2:44  Overlord  
  34  2:47  Drone  
  34  2:50  Overlord  
  35  2:53  Drone  
  36  3:03  Drone x2  
  38  3:07  Drone  
  38  3:11  Drone x2  
  38  3:12  Drone x2  
  43  3:14  Drone x2  
  43  3:15  Drone  
  46  3:34  Hatchery  
  45  3:36  Overlord  
  45  3:37  Drone x3  
  48  3:50  Overlord  
  48  3:51  Queen x2  
  52  4:00  Drone x6  
  58  4:04  Evolution Chamber  
  58  4:06  Overlord  
  58  4:08  Overlord  
  57  4:10  Drone  
  58  4:18  Drone  
  58  4:19  Overlord  
  58  4:24  Drone x2  
  60  4:27  Queen  
  60  4:28  Queen  
  65  4:33  Zerg Ground Armor Level 1  
  65  4:42  Zergling x10  
  70  4:48  Zergling x4  
  72  4:54  Zergling x2  
  72  4:55  Zergling x8  
  72  4:59  Baneling Nest, Extractor  
  75  5:01  Zergling x6  
  77  5:07  Zergling x6  
  80  5:16  Zergling x4  
  80  5:19  Drone x3  
  85  5:29  Drone x3  
  89  5:35  Drone  
  89  5:38  Lair, Drone  
  89  5:39  Drone x4  
  89  5:40  Hatchery  
  89  5:41  Drone  
  89  5:42  Drone x2  
  96  5:43  Drone  
  96  5:48  Drone  
  98  5:51  Spore Crawler, Overlord  
  98  5:53  Overlord  
  98  5:54  Spore Crawler  
  96  6:06  Drone  
  96  6:07  Drone  
  96  6:08  Extractor x2  
  96  6:12  Extractor  
  96  6:15  Overlord x2, Baneling x4  
  96  6:16  Zergling x2  
  96  6:17  Zergling x12  
  96  6:18  Baneling x5  
  102  6:19  Drone x4  
  102  6:23  Overlord x3  
  106  6:33  Overlord  
  106  6:37  Zergling x4  
  108  6:45  Zerg Ground Armor Level 2  
  108  6:47  Drone x2  
  108  6:48  Evolution Chamber, Drone x3  
  108  6:49  Extractor  
  101  7:03  Drone x3  
  101  7:04  Drone  
  101  7:06  Centrifical Hooks, Drone x4  
  109  7:10  Hatchery  
  108  7:18  Zerg Melee Weapons Level 1  
  108  7:21  Zergling x2  
  108  7:22  Hydralisk Den, Zergling x24  
  120  7:27  Zergling x6  
  121  7:45  Overlord  
  121  7:52  Grooved Spines  
  121  7:58  Spore Crawler  
  114  8:10  Hatchery, Zergling x10  
  114  8:11  Zergling x22  
  117  8:16  Hydralisk x2  
  121  8:24  Hydralisk x8  
  121  8:25  Zergling x2  
  138  8:38  Baneling x5  
  138  8:39  Baneling x8  
  138  8:40  Hydralisk, Zergling x12  
  146  9:01  Hatchery  
  137  9:04  Muscular Augments  
  130  9:11  Infestation Pit  
  130  9:12  Queen  
  131  9:19  Hydralisk  
  131  9:20  Hydralisk x3, Zergling x2  
  131  9:21  Zergling x10  
  145  9:25  Zerg Melee Weapons Level 2  
  145  9:27  Hatchery  
  144  9:33  Hydralisk x2  
  144  9:34  Hydralisk  
  144  9:36  Overlord x3  
  150  9:41  Baneling x6, Hydralisk  
  150  9:42  Zergling x14  
  159  9:50  Baneling x8  
  159  9:51  Hive  
  159  9:54  Baneling x5  
  158  10:04  Drone  
  158  10:05  Drone x8  
  164  10:10  Drone  
  164  10:11  Drone x4  
  169  10:17  Overlord  
  169  10:30  Zergling x16  
  177  10:50  Spire  
  173  11:07  Overlord  
  173  11:25  Adrenal Glands  
  170  11:28  Overseer  
  170  11:34  Zergling x2  
  170  11:35  Zergling x34  
  170  11:36  Overlord x2  
  188  11:40  Overlord  
  188  11:41  Hydralisk x6  
  199  11:58  Overseer  
  199  12:02  Baneling x9  
  199  12:03  Baneling x26  
  199  12:12  Baneling x10  
  199  12:20  Extractor  
  176  12:34  Zergling x36  
  167  12:39  Zergling x20  
  167  12:40  Zergling x8  
  179  12:45  Hatchery  
  179  12:47  Baneling x2  
  179  12:48  Zergling x8  
  179  12:49  Zergling x10  
  183  12:56  Zergling x10  
  178  13:10  Hydralisk x8  
  178  13:11  Zergling x6  
  164  13:25  Zergling x2  
  164  13:26  Zergling x24  
  167  13:30  Drone x2  
  167  13:31  Drone  
  166  13:37  Zergling x6  
  166  13:38  Zergling x2  
Tags
 
Add a new tag
Caveats
  • Supply blocks, unpowered buildings, or Contaminate may cause inaccurate times.
  • Supply counts are checked every 10 seconds.